 Dungeon Crawl Stone Soup version 0.29.1-2-gbd0b4ee654 (webtiles) character file.

Game seed: 10008033787299956213

942 Hiippo the Changer (level 8, -1/61 HPs)
             Began as a Merfolk Transmuter on Nov 29, 2022.
             Was an Initiate of Makhleb.
             Slain by an ice beast (14 damage)
             ... on level 6 of the Dungeon.
             The game lasted 00:34:03 (6137 turns).

Hiippo the Changer (Merfolk Transmuter)             Turns: 6137, Time: 00:34:04

Health: -1/61      AC: -15   Str: 18    XL:     8   Next: 12%
Magic:  14/14      EV: 27    Int: 19    God:    Makhleb [......]
Gold:   204        SH:  0    Dex: 14    Spells: 11/15 levels left

rFire   . . .      SeeInvis .     - Unarmed
rCold   . . .      Faith    .   (no shield)
rNeg    . . .      Spirit   .   t - +2 robe {Will+}
rPois   .          Reflect  .   (helmet currently unavailable)
rElec   .          Harm     .   y - scarf {repulsion}
rCorr   .          Rampage  .   e - +0 pair of gloves
Will    +....                   (boots currently unavailable)
Stlth   +.........              C - amulet of the acrobat
HPRegen 0.20/turn               z - +6 ring of strength
MPRegen 0.14/turn               h - +6 ring of intelligence

@: appendages, corroded, acrobatic, repel missiles
A: horns 2, (nimble swimmer 2), mertail
a: End Transformation, Renounce Religion


You were on level 6 of the Dungeon.
You worshipped Makhleb.
Makhleb was noncommittal.
You had temporarily grown beastly horns.
You visited 1 branch of the dungeon, and saw 6 of its levels.
You also visited: Sewer.

You collected 336 gold pieces.
You spent 132 gold pieces at shops.

Inventory:

Missiles
 o - 14 boomerangs
 r - 2 javelins
Armour
 a - a +1 robe
 e - a +0 pair of gloves (worn)
 f - a +0 helmet (melded)
 n - a +0 cloak
 t - a +2 robe of willpower (worn)
 w - a +0 troll leather armour {Pargi}
 y - a scarf of repulsion (worn)
 A - the +8 chain mail of Going Fast {Rampage Int+4}
   (You found it on level 6 of the Dungeon)

   Int:       It affects your intelligence (+4).
   Rampage:   It bestows one free step when moving towards enemies.
Jewellery
 g - a ring of protection from fire
 h - a +6 ring of intelligence (right hand)
 i - a ring of see invisible
 v - a ring of poison resistance
 z - a +6 ring of strength (left hand)
 C - an amulet of the acrobat (around neck)
Wands
 x - a wand of charming (8)
Scrolls
 c - 3 scrolls of enchant armour
 d - 2 scrolls of teleportation
 p - a scroll of immolation
 q - 2 scrolls of fear
 s - 2 scrolls of identify
 u - a scroll of magic mapping
Potions
 b - 3 potions of lignification
 j - 6 potions of curing
 k - a potion of brilliance
 l - a potion of might
 m - 2 potions of haste
 B - a potion of attraction


   Skills:
 + Level 4.3 Fighting
 - Level 2.7 Dodging
 * Level 6.3 Unarmed Combat
 + Level 4.0 Spellcasting
 * Level 7.0 Transmutations


You had 11 spell levels left.
You knew the following spells:

 Your Spells              Type           Power      Damage    Failure   Level
a - Beastly Appendage     Tmut           60%        N/A       1%          1
b - Wereblood             Tmut           30%        N/A       1%          2
c - Sting                 Tmut/Pois      68%        1d6       3%          1

Your spell library contained the following spells:

 Spells                   Type           Power      Damage    Failure   Level
 Spider Form              Tmut/Pois      17%        N/A       10%         3
 Blink                    Tloc           6%         N/A       21%         2
 Poisonous Vapours        Pois/Air       6%         N/A       21%         2
 Ice Form                 Ice/Tmut       17%        N/A       32%         4
 Confusing Touch          Hex            3%         N/A       38%         3
 Lesser Beckoning         Tloc           3%         N/A       38%         3
 Yara's Violent Unravell  Hex/Tmut       8%         3d5       65%         5
 Olgreb's Toxic Radiance  Pois           3%         N/A       80%         4
 Manifold Assault         Tloc           3%         N/A       98%         5
 Enfeeble                 Hex            1%         N/A       100%        7
 Storm Form               Tmut/Air       8%         N/A       100%        7


Dungeon Overview and Level Annotations

Branches:
Dungeon (6/15)              Sewer (visited)
 Temple: D:4-7

Altars:
Hepliaklqana
Makhleb
Ru
Uskayaw
Yredelemnul

Shops:
D:3 *   D:4 *   D:5 *


Innate Abilities, Weirdness & Mutations

You have temporarily grown beastly horns.
((You are very nimble when in or above water. (Stealth+, EV+, Speed+++)))
Your lower body shifts to a powerful aquatic tail in water.


Message History

You start resting.
Magic restored.
You start resting.
Your transformation is almost over.
HP restored.
Found a stone staircase leading down.
Your horns disappear.
Your +0 helmet unmelds from your body.
There is a stone staircase leading down here.
Found a chain mail.
A jelly comes into view.
An ice beast comes into view.
The jelly quivers.
You see here a scroll of identify.
Casting: Sting (safe; 3% risk of failure)
Confirm with . or Enter, or press ? or * to list all spells.
You grow a pair of large bovine horns.
Your +0 helmet melds into your body.
You hit the jelly. The acid corrodes you!
Your hands burn!
The jelly is moderately wounded.
The jelly hits you. The acid corrodes you!
You are splashed with acid!
You hit the jelly but do no damage.
Your hands burn!
You headbutt the jelly, but do no damage.
The jelly is moderately wounded.
The jelly hits you. The acid corrodes you!
You are splashed with acid!
You hit the jelly but do no damage.
Your hands burn!
The jelly is moderately wounded.
The jelly closely misses you.
You hit the jelly but do no damage. The acid corrodes you!
Your hands burn!
The jelly is moderately wounded.
The jelly completely misses you. The ice beast completely misses you.
The jelly attacks as you move away! The jelly completely misses you.
The ice beast completely misses you. The jelly attacks as you move away!
The jelly hits you. The acid corrodes you!
You are splashed with acid!
* * * LOW HITPOINT WARNING * * *
The ice beast attacks as you move away! The ice beast hits you.
* * * LOW HITPOINT WARNING * * *
The ice beast freezes you!
You die...

.....###.# #... ..##.# #.#
#.. .....# #.# #.# ..##.#
#.# ##.## .###.###.##
#.?.# .###......# #...#
### .....###..# #...#...#
..##.<##..#######YJ......#
..#........##...@.........
.....#..#.....[..........Y
..##.#..#.###.............
..##......# #####........#
.....#.#### #...#...##
######.# #...##### .#
...... .#.###


You could see an ice beast and a jelly.

Vanquished Creatures
  Pargi (Sewer)
  A black bear (D:5)
  An ice beast (D:5)
  An ogre (D:5)
  A bullfrog (D:5)
  2 scorpions
  2 howler monkeys
  2 jellies
  3 hounds
  2 iguanas
  6 adders
  2 worms
  2 dart slugs
  4 orcs
  9 ball pythons
  5 endoplasms
  A giant cockroach (D:1)
  6 goblins
  4 hobgoblins
  6 kobolds
  A quokka (D:1)
  9 bats
  3 frilled lizards
  A rat (D:1)
75 creatures vanquished.

Notes
Turn   | Place    | Note
-------+----------+-------------------------------------------
     0 | D:1      | Hiippo the Merfolk Transmuter began the quest for the Orb.
     0 | D:1      | Reached XP level 1. HP: 15/15 MP: 3/3
   235 | D:1      | Reached XP level 2. HP: 17/21 MP: 3/5
   239 | D:1      | Reached skill level 3 in Transmutations
   316 | D:1      | Learned a level 2 spell: Wereblood
  1272 | D:2      | Reached XP level 3. HP: 25/27 MP: 6/6
  2573 | D:3      | Found a glowing drain.
  2609 | D:3      | Reached XP level 4. HP: 33/33 MP: 7/7
  2631 | Sewer    | Entered a sewer
  2663 | Sewer    | Noticed Pargi
  2689 | Sewer    | Killed Pargi
  2690 | Sewer    | Reached skill level 4 in Transmutations
  2690 | Sewer    | Reached XP level 5. HP: 27/40 MP: 7/9
  3157 | D:3      | Found Kiejol's General Store.
  3193 | D:3      | Identified the +7 whip of Zoifry {elec, *Rage rElec rC+++}
  4027 | D:4      | Reached XP level 6. HP: 39/47 MP: 10/10
  4036 | D:4      | Learned a level 1 spell: Sting
  4289 | D:4      | Found a sacrificial altar of Ru.
  4313 | D:4      | Reached skill level 5 in Transmutations
  4380 | D:4      | Found Pewn's Overcharged Wands.
  4497 | D:4      | Reached skill level 5 in Unarmed Combat
  4553 | D:4      | Found a hide-covered altar of Uskayaw.
  4746 | D:4      | Found a hazy altar of Hepliaklqana.
  4823 | D:5      | Entered Level 5 of the Dungeon
  4925 | D:5      | Reached XP level 7. HP: 35/52 MP: 10/12
  5233 | D:5      | Found a basalt altar of Yredelemnul.
  5292 | D:5      | Found a burning altar of Makhleb.
  5309 | D:5      | Reached skill level 6 in Transmutations
  5332 | D:5      | Became a worshipper of Makhleb the Destroyer
  5386 | D:5      | Found Sussaus's General Store.
  5396 | D:5      | Bought a scarf of repulsion for 132 gold pieces
  5863 | D:5      | Reached XP level 8. HP: 58/60 MP: 11/14
  5999 | D:6      | Identified the +8 chain mail of Going Fast {Rampage Int+4}
  6051 | D:6      | Reached skill level 7 in Transmutations
  6137 | D:6      | Slain by an ice beast

Illustrated notes

Levels and vault maps discovered:
D:1:      shiori_arrival_oz, layout_loops_ring, serial_park_tiny_2,
          nicolae_hexahallways
D:2:      layout_basic, serial_co_window_serial, co_window_paths_a,
          co_window_corner_a, co_window_cross_1, co_window_paths_a,
          co_window_paths_a, co_window_of_opportunity_c, co_window_broadway_a,
          co_window_broadway_b, co_window_2corner, co_window_4corner_b,
          glass_columns_c, glass_columns_b, glass_columns_a
D:3:      layout_basic, serial_shops, nicolae_shop_crystal,
          gup_sewer_entry_glass, serial_park_tiny_2,
          nicolae_figureground_sparkle
D:4:      layout_loops_ring, nicolae_hepliaklqana_hippocampus,
          mainiacjoe_overflow_cross_hatched,
          mainiacjoe_overflow_surrounded_room, nicolae_shop_overcharged_wands
D:5:      layout_loops_corners, mainiacjoe_overflow_concentric_impassable,
          mainiacjoe_overflow_alcove_2, serial_shops, nicolae_shop_crystal
D:6:      layout_loops_cross, biasface_ghost_orc_armoury,
          hangedman_decor_diamond_cutter, hex_large

Skill      XL: |  1  2  3  4  5  6  7  8 |
---------------+-------------------------+-----
Transmutations | 3 4 5 6 7 |  7.0
Fighting       | 2 3 4 |  4.3
Unarmed Combat | 4 5 6 |  6.3
Spellcasting   | 3 4 |  4.0
Dodging        | |  2.7

Action                   |  1- 3 |  4- 6 |  7- 9 || total
-------------------------+-------+-------+-------++-------
Melee: Unarmed           |   127 |   112 |    42 ||   281
       Headbutt          |    18 |    11 |    12 ||    41
       Punch             |     3 |     2 |       ||     5
       Tailslap          |       |     1 |       ||     1
 Cast: Beastly Appendage |    26 |    20 |    10 ||    56
       Sting             |       |     6 |    18 ||    24
  Use: Potion            |       |     2 |       ||     2
       Scroll            |       |    13 |       ||    13
 Stab: Sleeping          |     2 |       |       ||     2
Armor: Robe              |    35 |    38 |     8 ||    81
       Skin              |       |     8 |       ||     8
Dodge: Dodged            |    85 |    96 |    18 ||   199
